 Dungeon Crawl Stone Soup version 0.31-a0-744-gbc345e7fcb (webtiles) character file.

Game seed: 17878839883319624748

3232 Ordine the Ruffian (level 9, -6/61 HPs)
             Began as an Octopode Shapeshifter on Sept 13, 2023.
             Was a Follower of Dithmenos.
             Mangled by a hornet (9 damage)
             ... while paralysed by a hornet
             ... on level 8 of the Dungeon.
             The game lasted 00:13:43 (6926 turns).

Ordine the Ruffian (Octopode Shapeshifter)          Turns: 6926, Time: 00:13:44

Health: -6/61      AC:  5    Str: 18    XL:     9   Next: 98%
Magic:  20/20      EV:  2    Int: 12    God:    Dithmenos [*.....]
Gold:   38         SH:  0    Dex: 17    Spells: 8/8 levels left

rFire   . .          .
                       - Unarmed
rCold   . . .        (no shield)
rNeg    . . .        (helmet currently unavailable)
rPois   .            s - amulet of regeneration
rElec   .            a - ring of magical power
rCorr   .            w - +6 ring of dexterity
SInv    .            G - +4 ring of protection
Will    .....        (no ring)
Stlth   +++++        (no ring)
HPRegen 1.10/turn    (no ring)
MPRegen 0.17/turn    (no ring)
                     (no ring)

%: no passive effects
@: paralysed, lethally poisoned (-6 -> -16), beast-form, wreathed by umbra
A: beast (slay +3), almost no armour, amphibious, 8 rings, camouflage 1,
gelatinous body 1, (nimble swimmer 1), tentacles
a: Begin Untransformation, Renounce Religion


You were on level 8 of the Dungeon.
You worshipped Dithmenos.
Dithmenos was aware of your devotion.
You were a hulking beast.
You visited 2 branches of the dungeon, and saw 9 of its levels.

You collected 463 gold pieces.
You spent 425 gold pieces at shops.

Inventory:

Jewellery
 a - a ring of magical power (left tentacle)
 s - an amulet of regeneration (around mantle)
 w - a +6 ring of dexterity (right tentacle)
 G - a +4 ring of protection (on tentacle)
Talismans
 b - a beast talisman (active)
 c - a flux talisman
Wands
 l - a wand of flame (28)
 B - a wand of iceblast (20)
 F - a wand of paralysis (13)
 H - a wand of quicksilver (5)
Scrolls
 d - 5 scrolls of enchant weapon
 e - 8 scrolls of identify {unknown}
 g - 5 scrolls of fog {unknown}
 i - a scroll of enchant armour {unknown}
 m - 3 scrolls of poison {unknown}
 n - a scroll of acquirement {unknown}
 o - a scroll of silence {unknown}
 p - 3 scrolls of teleportation
 r - 2 scrolls of brand weapon {unknown}
 t - 2 scrolls of blinking {unknown}
 u - 2 scrolls of revelation
 v - a scroll of amnesia {unknown}
 y - 2 scrolls of immolation {unknown}
 z - a scroll of torment {unknown}
 A - a scroll of fear {unknown}
 D - a scroll of noise {unknown}
Potions
 f - 5 potions of curing {unknown}
 h - a potion of resistance
 j - 2 potions of mutation
 k - a potion of ambrosia {unknown}
 q - 3 potions of heal wounds
 x - a potion of attraction {unknown}
 C - 3 potions of haste {unknown}
 E - a potion of brilliance {unknown}


   Skills:
 + Level 5.6 Fighting
 + Level 5.8 Dodging
 - Level 5.0 Stealth
 + Level 7.5 Unarmed Combat
 + Level 3.4 Invocations
 + Level 3.3 Evocations
 * Level 6.5 Shapeshifting


You had 8 spell levels left.
You didn't know any spells.
Your spell library contained the following spells:

 Spells                   Type           Power      Damage    Failure   Level
 Slow                     Hex            0%         N/A       32%         1
 Summon Small Mammal      Summ           0%         N/A       32%         1
 Ensorcelled Hibernation  Hex/Ice        0%         N/A       45%         2
 Passwall                 Tmut/Erth      0%         N/A       45%         2
 Call Canine Familiar     Summ           0%         N/A       69%         3
 Confusing Touch          Hex            0%         N/A       69%         3
 Sigil of Binding         Hex            0%         N/A       69%         3
 Summon Guardian Golem    Hex/Summ       0%         N/A       69%         3
 Swiftness                Air            0%         N/A       69%         3
 Vampiric Draining        Necr           0%         2d6       69%         3
 Volatile Blastmotes      Fire/Tloc      0%         2d10      69%         3
 Cause Fear               Hex            0%         N/A       97%         4
 Fulminant Prism          Conj/Hex       0%         3d5       97%         4
 Iskenderun's Mystic Bla  Conj/Tloc      0%         2d3       97%         4
 Fireball                 Conj/Fire      0%         3d3       100%        5
 Dragon's Call            Summ           0%         N/A       100%        9


Dungeon Overview and Level Annotations

Branches:
Dungeon (8/15)             Temple (1/1) D:6
   Lair: D:8-11

Altars:
Ashenzari
Dithmenos
Fedhas
Hepliaklqana
Kikubaaqudgha
Nemelex Xobeh
Okawaru
Qazlal
Ru
Sif Muna
Uskayaw
The Shining One

Shops:
D:4 *   D:5 [   D:7 !!


Innate Abilities, Weirdness & Mutations

You are a hulking beast.
Your limbs bulge with bestial killing power. (Slay +3)
You cannot wear most types of armour.
You are amphibious.
You can wear up to eight rings at the same time.
Your skin changes colour to match your surroundings (Stealth+).
Your rubbery body absorbs attacks. (AC +1, EV +1)
((You are camouflaged when in or above water. (Stealth+)))
You have tentacles for arms and can constrict up to eight enemies at once.


Message History

The kobold brigand is heavily wounded.
The kobold completely misses you.
You tentacle-slap the kobold brigand. Your grab misses the kobold brigand.
You tentacle-slap the kobold brigand! Your squeeze misses the kobold brigand.
The kobold brigand is almost dead.
The hornet stings you but does no damage.
The kobold closely misses you. The kobold brigand misses you.
The hornet closely misses you.
You bludgeon the kobold brigand!
You kill the kobold brigand!
Dithmenos accepts your kill. The hornet stings you!
You are poisoned.
You feel yourself slow down. The kobold closely misses you.
The kobold completely misses you.
You closely miss the hornet. Your grab misses the hornet.
You squeeze the hornet.
The hornet is lightly wounded.
You feel yourself speed up.
You feel very sick. The hornet stings you.
You are more poisoned.
You feel yourself slow down. The kobold hits you but does no damage.
The kobold closely misses you. The hornet stings you!
You suddenly lose the ability to move!
You feel yourself speed up.
You feel very sick. The hornet stings you!
You are more poisoned.
You feel yourself slow down. The kobold hits you but does no damage.
The kobold hits you with a +0 short sword.
You feel yourself speed up.
You feel very sick. The hornet stings you!
* * * LOW HITPOINT WARNING * * *
You shrug off the repeated paralysis!
The kobold hits you but does no damage.
The kobold hits you with a +0 short sword.
* * * LOW HITPOINT WARNING * * *
The hornet stings you!
You die...

###### ####...###
.....# #.........
.....# #####.........
####..###..........>..
...........#####...###
.#......## #...#
#......# #..)#
#.y...## ##..# #)h####
#..# #KK# #..# ....#
#..# ###.## .... ..
#..# ###


You could see a hornet and 2 kobolds.

Vanquished Creatures
  Jeremiah (D:7)
  Grinder (D:5)
  Sigmund (D:2)
  Menkaure (D:4)
  Edmund (D:3)
  2 water moccasins
  2 sky beasts (D:6)
  A black bear (D:5)
  5 centaurs
  4 kobold brigands
  2 bullfrogs
  A scorpion (D:5)
  2 electric eels (D:7)
  3 jellies
  Crazy Yiuf (D:2)
  3 hounds
  10 orc priests
  A sleepcap (D:7)
  2 iguanas (D:5)
  6 orc wizards
  4 gnolls (D:4)
  8 adders
  A white imp (D:6)
  2 ufetubi
  32 orcs
  6 ball pythons
  5 endoplasms
  2 giant cockroaches (D:4)
  8 goblins
  5 hobgoblins
  A quokka (D:4)
  A bat (D:2)
  19 kobolds
  3 rats
147 creatures vanquished.

Notes
Turn   | Place    | Note
-------+----------+-------------------------------------------
     0 | D:1      | Ordine the Octopode Shapeshifter began the quest for the
                  | Orb.
     0 | D:1      | Reached XP level 1. HP: 13/13 MP: 1/1
   738 | D:2      | Reached XP level 2. HP: 18/18 MP: 2/2
   917 | D:2      | Reached skill level 1 in Stealth
   917 | D:2      | Reached XP level 3. HP: 18/23 MP: 3/3
  1135 | D:2      | Noticed Sigmund
  1153 | D:2      | Killed Sigmund
  1154 | D:2      | Reached skill level 4 in Unarmed Combat
  1154 | D:2      | Reached XP level 4. HP: 5/29 MP: 4/4
  1154 | D:2      | Reached XP level 5. HP: 6/34 MP: 5/5
  1458 | D:2      | Found a runed translucent door.
  1459 | D:2      | Noticed Crazy Yiuf
  1465 | D:2      | Killed Crazy Yiuf
  1466 | D:2      | Reached XP level 6. HP: 27/41 MP: 6/6
  2340 | D:4      | Noticed Edmund
  2510 | D:3      | Killed Edmund
  2511 | D:3      | Reached skill level 5 in Unarmed Combat
  2729 | D:4      | dig vault
  2935 | D:4      | Reached XP level 7. HP: 45/45 MP: 7/7
  3433 | D:4      | Found Compuajawn's General Store.
  3446 | D:4      | Bought a scroll of teleportation for 33 gold pieces
  3446 | D:4      | Bought a scroll of revelation for 82 gold pieces
  3446 | D:4      | Bought a scroll of enchant weapon for 82 gold pieces
  3633 | D:5      | Entered Level 5 of the Dungeon
  3633 | D:5      | Noticed Menkaure
  4413 | D:4      | Killed Menkaure
  4414 | D:4      | Reached XP level 8. HP: 44/52 MP: 8/8
  4428 | D:5      | Reached skill level 6 in Unarmed Combat
  4557 | D:5      | Noticed Grinder
  4598 | D:5      | Killed Grinder
  4599 | D:5      | Reached skill level 5 in Stealth
  4891 | D:5      | Found Deiraote's Armour Shoppe.
  4984 | D:6      | Found a staircase to the Ecumenical Temple.
  4990 | Temple   | Entered the Ecumenical Temple
  5001 | Temple   | Became a worshipper of Dithmenos the Shadowed
  5138 | D:6      | Reached skill level 5 in Shapeshifting
  5154 | D:6      | Reached skill level 1 in Invocations
  5154 | D:6      | Reached skill level 1 in Evocations
  5208 | D:6      | Reached XP level 9. HP: 59/59 MP: 10/10
  5269 | D:6      | Reached skill level 5 in Dodging
  5269 | D:6      | Reached skill level 7 in Unarmed Combat
  5987 | D:7      | Reached skill level 5 in Fighting
  6148 | D:7      | Reached * piety under Dithmenos
  6258 | D:7      | Found Ressarru's Distillery.
  6443 | D:7      | Bought a potion of degeneration for 12 gold pieces
  6443 | D:7      | Bought a potion of heal wounds for 60 gold pieces
  6443 | D:7      | Bought a potion of heal wounds for 60 gold pieces
  6443 | D:7      | Bought a potion of mutation for 96 gold pieces
  6604 | D:7      | Found Hovuagy's Distillery.
  6684 | D:7      | Noticed Jeremiah
  6688 | D:7      | Killed Jeremiah
  6915 | D:8      | Noticed a hornet
  6924 | D:8      | Paralysed by a hornet for 3 turns
  6926 | D:8      | HP: 3/61 [kobold/+0 short sword (1)]
  6926 | D:8      | Mangled by a hornet

Illustrated notes

........#
.#####..#
.#([=#..#
..#?[!#..#
.#[?$#..## ##.
.#####... ...
........###.##.
.......h.......
####...).......
####.##.)...###
#...........!..
#...##.##.....###
# #.##.######.#
#.#.##.# .#
#.#.##.######..
#............. .


Turn 2729 on D:4: dig vault

Levels and vault maps discovered:
D:1:      dpeg_arrival_tiny_a, layout_basic
D:2:      layout_rooms, corexii_leaking_fountain, minivault_4,
          uniq_crazy_yiuf_cottage, uniq_sigmund
D:3:      layout_loops_cross
D:4:      layout_basic, serial_shops, shop, chequers_serial_rivers_marsh,
          hangedman_feature_mirror, due_unseen_surprise, uniq_edmund
D:5:      layout_cave_pools, serial_shops, nicolae_shop_real_fake_doors,
          uniq_grinder, uniq_menkaure
D:6:      layout_basic, minmay_temple_entry_proselytizer
D:7:      layout_loops_ring, serial_shops, shop, nicolae_inconvenience_store,
          hex_medium, uniq_jeremiah
D:8:      layout_loops_ring, mainiacjoe_overflow_cross_hatched,
          erik_lair_island, gammafunk_ghost_arena, minmay_misc_feat_rows,
          minmay_misc_feat_roman
Temple:   nicolae_temple_ecumenical_triangle

Skill      XL: |  1  2  3  4  5  6  7  8  9 |
---------------+----------------------------+-----
Stealth        | 1 2 3 4 5 |  5.0
Fighting       | 2 3 4 5 |  5.6
Unarmed Combat | 4 5 6 7 |  7.5
Dodging        | 3 4 5 |  5.8
Shapeshifting  | 4 5 6 |  6.5
Invocations    | 1 3 |  3.4
Evocations     | 1 3 |  3.3

Action                     |  1- 3 |  4- 6 |  7- 9 || total
---------------------------+-------+-------+-------++-------
  Melee: Unarmed           |    46 |    39 |   232 ||   317
         Constrict         |     9 |     6 |    55 ||    70
         Tentacles         |     5 |    13 |    59 ||    77
         Punch             |     2 |     3 |    17 ||    22
  Evoke: Wand              |       |       |     4 ||     4
    Use: Potion            |     2 |       |     1 ||     3
   Stab: Sleeping          |     4 |     2 |    14 ||    20
         Distracted        |     1 |       |     1 ||     2
 Armour: Skin              |    19 |    19 |   148 ||   186
  Dodge: Dodged            |    26 |    12 |   159 ||   197

Table legend: (Time is in decaauts)
 A = Elapsed time spent in this place.
 B = Non-inter-level travel time spent in this place.
 C = Inter-level travel time spent in this place.
 D = Time resting spent in this place.
 E = Time spent auto-exploring this place.
 F = Levels seen in this place.
 G = Mean time per level.
                   A        B        C        D        E       F      G
               +--------+--------+--------+--------+--------+-----+--------+
         Total |   6917 |   6276 |    641 |   1302 |   3966 |   9 |  768.6 |
       Dungeon |   6898 |   6263 |    635 |   1302 |   3966 |   8 |  862.2 |
        Temple |     18 |     12 |      6 |      0 |      0 |   1 |   18.0 |
               +--------+--------+--------+--------+--------+-----+--------+

Top non-repeatable levels by time:
     D:4: 1720 daAuts
     D:3: 1016 daAuts
     D:6: 941 daAuts
     D:7: 935 daAuts
     D:1: 820 daAuts
     D:2: 796 daAuts
     D:5: 623 daAuts
     D:8: 43 daAuts
  Temple: 18 daAuts
